 Dungeon Crawl Stone Soup version 0.29-a0-378-gc08b2e8bf8 (webtiles) character file.

Game seed: 9346018470237560386

408 mandarbmax the Shooter (level 6, -6/48 HPs)
             Began as a Draconian Hunter on May 5, 2022.
             Killed by divine providence
             ... invoked by an orc priest
              (15 damage)
             ... on level 4 of the Dungeon.
             The game lasted 00:06:01 (2788 turns).

mandarbmax the Shooter (Draconian Hunter)           Turns: 2788, Time: 00:06:02

Health: -6/48      AC:  6    Str: 15    XL:     6   Next: 57%
Magic:  6/6        EV: 12    Int:  9    God:
Gold:   86         SH:  0    Dex: 17    Spells: 5/5 levels left

rFire   . . .      SeeInvis .   a - +2 shortbow
rCold   . . .      Faith    .   (shield currently unavailable)
rNeg    . . .      Spirit   .   (body armour unavailable)
rPois   .          Reflect  .   (helmet restricted)
rElec   .          Harm     .   (no cloak)
rCorr   .          Rampage  .   (no gloves)
Will    .....                   (no boots)
Stlth   ++........              (no amulet)
HPRegen 0.16/turn               (no ring)
MPRegen 0.10/turn               (no ring)

@: no status effects
A: AC +6, unfitting armour, cold-blooded, strong 1, subdued magic 1
a: no special abilities


You were on level 4 of the Dungeon.
You visited 1 branch of the dungeon, and saw 4 of its levels.

You collected 86 gold pieces.

Inventory:

Hand Weapons
 a - a +2 shortbow (weapon)
Missiles
 c - a throwing net
Scrolls
 d - 3 scrolls of enchant weapon
 e - 2 scrolls of identify
 k - a scroll of acquirement
 l - a scroll of teleportation
 m - a scroll of fear
 q - a scroll of enchant armour
 r - a scroll of silence
Potions
 f - a potion of berserk rage
 g - 2 potions of ambrosia
 i - a potion of might
 j - a potion of haste
 n - a potion of heal wounds
 o - a potion of mutation
 p - a potion of magic


   Skills:
 - Level 2.1 Fighting
 + Level 7.2 Bows
 - Level 2.0 Dodging
 - Level 0.8 Stealth


You had 5 spell levels left.
You didn't know any spells.
Your spell library contained the following spells:

 Spells                   Type           Power      Damage    Failure   Level
 Conjure Ball Lightning   Conj/Air       0%         3x3d6     100%        6
 Discord                  Hex            0%         N/A       100%        8
 Disjunction              Tloc           0%         N/A       100%        8


Dungeon Overview and Level Annotations

Branches:
Dungeon (4/15)
 Temple: D:4-7

Altars:
The Shining One

Shops:
D:3 :[[


Innate Abilities, Weirdness & Mutations

Your plain brown scales are hard. (AC +6)
You cannot fit into any form of body armour.
You are cold-blooded and may be slowed by cold attacks.
Your muscles are strong. (Str +2)
Your spells are a little easier to cast, but a little less powerful.


Message History

Press: ? - help, Q - select action, (/) - cycle Shift-Dir - straight line, f/p - steam dragon
Aim: a steam dragon (poison gas, heavily wounded, poisoned, 66% to hit)
You shoot an arrow.
The arrow closely misses the steam dragon.
You kill the orc!
The steam dragon is engulfed in poison gas.
The steam dragon looks even sicker.
The steam dragon is engulfed in poison gas.
The steam dragon looks even sicker.
The steam dragon breathes steam at you. The ball of steam hits you!
* * * LOW HITPOINT WARNING * * *
Shoot: a) +2 shortbow
Press: ? - help, Q - select action, (/) - cycle Shift-Dir - straight line, f/p - steam dragon
Aim: a steam dragon (poison gas, almost dead, very poisoned, catching its breath, 66% to hit)
You shoot an arrow. The arrow hits the steam dragon!
You kill the steam dragon!
The steam dragon scales are intact enough to wear.
You are engulfed in a cloud of scalding steam.
* * * LOW HITPOINT WARNING * * *
An orc priest comes into view. It is wielding a +0 club.
Your Bows skill increases to level 7!
Shoot: a) +2 shortbow
Press: ? - help, Q - select action, (/) - cycle Shift-Dir - straight line, f - orc priest
Aim: an orc priest, wielding a +0 club and wearing a +0 ring mail (poison gas, 69% to hit)
You shoot an arrow. The arrow hits the orc priest.
The orc priest is lightly wounded.
You are engulfed in a cloud of scalding steam.
* * * LOW HITPOINT WARNING * * *
The orc priest is engulfed in poison gas.
The orc priest is poisoned.
An orc comes into view. It is wielding a +0 dagger.
Shoot: a) +2 shortbow
Press: ? - help, Q - select action, (/) - cycle Shift-Dir - straight line, f/p - orc priest
Aim: an orc priest, wielding a +0 club and wearing a +0 ring mail (moderately wounded, poisoned, 69% to hit)
You shoot an arrow. The arrow hits the orc priest!
The orc priest is severely wounded.
The orc priest mumbles some strange prayers to Beogh against you.
Beogh smites you!
You die...

#.#..#....##.# ....
#..........#.# .§°○.
#......#...#§# §○).
#..#.#.#...#°#####.°#
#..#...)).....☼○§§.○####
#..###.#...#.#°☼§.°.○☼○
#..#.#.#####.#☼^°°.○○..
#..#..## ####§°#.###
#..#.## #°@.§# #..#.#
#.#.§☼☼○.# ####.#
#☼..§.§○°. ..#
#<..§.○§°# ...#
##..°☼○○§# ....#
.o.##### ....## .°§.
#### o.#


You could see an orc priest (poisoned) and an orc.

Vanquished Creatures
  A steam dragon (D:4)
  A scorpion (D:3)
  An orc priest (D:4)
  A gnoll shaman (D:4)
  Terence (D:1)
  5 adders
  3 gnolls (D:4)
  A shadow imp (D:4)
  2 worms (D:2)
  2 dart slugs (D:1)
  4 orcs (D:4)
  7 endoplasms
  A giant cockroach (D:1)
  3 goblins
  3 hobgoblins
  3 jackals (D:3)
  A quokka (D:1)
  4 ball pythons (D:2)
  3 bats
  2 frilled lizards
  A kobold (D:3)
  4 rats
54 creatures vanquished.

Notes
Turn   | Place    | Note
-------+----------+-------------------------------------------
     0 | D:1      | mandarbmax the Draconian Hunter began the quest for the
                  | Orb.
     0 | D:1      | Reached XP level 1. HP: 17/17 MP: 1/1
   320 | D:1      | Reached skill level 4 in Bows
   320 | D:1      | Reached XP level 2. HP: 19/24 MP: 2/2
   455 | D:1      | Found a faded altar of an unknown god.
  1011 | D:2      | Noticed Terence
  1021 | D:1      | Identified a scroll of acquirement
  1022 | D:1      | Gained mutation: Your spells are a little easier to cast,
                  | but a little less powerful. [potion of mutation]
  1022 | D:1      | Gained mutation: Your muscles are strong. (Str +2) [potion
                  | of mutation]
  1027 | D:1      | Killed Terence
  1028 | D:1      | Reached XP level 3. HP: 23/29 MP: 3/3
  1242 | D:2      | Reached skill level 5 in Bows
  1315 | D:2      | Reached XP level 4. HP: 33/36 MP: 4/4
  1924 | D:3      | Found a glowing golden altar of the Shining One.
  2064 | D:3      | Noticed a scorpion
  2068 | D:3      | Killed a scorpion
  2069 | D:3      | Reached XP level 5. HP: 33/41 MP: 5/5
  2127 | D:3      | Found Akistai's Book Emporium.
  2159 | D:3      | Reached skill level 6 in Bows
  2177 | D:3      | Found Dabudigouf's Armour Shop.
  2248 | D:3      | Found Jeg Arch's Armour Shop.
  2432 | D:3      | Identified the +9 dagger of the Six Orbs {drain, rC+ Str+4
                  | Int+3}
  2779 | D:4      | Reached XP level 6. HP: 23/48 MP: 6/6
  2782 | D:4      | Noticed a steam dragon
  2785 | D:4      | Killed a steam dragon
  2786 | D:4      | Reached skill level 7 in Bows
  2788 | D:4      | Killed from afar by an orc priest

Illustrated notes

Levels and vault maps discovered:
D:1:      dpeg_chamrin_arrival_tetris, layout_basic,
          hellmonk_ecumenical_altar_crossroads
D:2:      layout_loops_ring, uniq_terence
D:3:      layout_basic, nicolae_tso_carved_into_rock, serial_shops, shop, shop,
          nicolae_shop_trees, dk_noncrumbling_2
D:4:      layout_basic, nicolae_ossuary_entry_catacombs

Skill      XL: |  1  2  3  4  5  6 |
---------------+-------------------+-----
Bows           | 4 5 6 7 |  7.2
Dodging        | 2 |  2.0
Fighting       | |  2.1
Stealth        | |  0.8

Action                   |  1- 3 |  4- 6 || total
-------------------------+-------+-------++-------
 Fire: Shortbow          |    59 |    93 ||   152
  Use: Scroll            |     3 |    11 ||    14
       Potion            |     3 |     1 ||     4
Armor: Skin              |     3 |    18 ||    21
Dodge: Dodged            |    17 |    29 ||    46

Table legend: (Time is in decaauts)
 A = Elapsed time spent in this place.
 B = Non-inter-level travel time spent in this place.
 C = Inter-level travel time spent in this place.
 D = Time resting spent in this place.
 E = Time spent auto-exploring this place.
 F = Levels seen in this place.
 G = Mean time per level.
                   A        B        C        D        E       F      G
               +--------+--------+--------+--------+--------+-----+--------+
         Total |   2823 |   2726 |     97 |     67 |   2298 |   4 |  705.8 |
       Dungeon |   2823 |   2726 |     97 |     67 |   2298 |   4 |  705.8 |
               +--------+--------+--------+--------+--------+-----+--------+

Top non-repeatable levels by time:
     D:1: 1097 daAuts
     D:3: 791 daAuts
     D:2: 726 daAuts
     D:4: 208 daAuts
